 Dungeon Crawl Stone Soup version 0.26-a0-996-g6b303dbc09 (webtiles) character file.

Game seed: 14108112851303926803

63829 PentaManta the Brawler (level 14, -2/141 HPs)
             Began as a Troll Abyssal Knight on Dec 6, 2020.
             Was the Champion of Lugonu.
             Slain by a spectral seven-headed hydra (3 damage)
             ... in a Gauntlet.
             The game lasted 00:59:38 (19928 turns).

PentaManta the Brawler (Troll Abyssal Knight)      Turns: 19928, Time: 00:59:39

Health: -2/141     AC: 13    Str: 27    XL:     14   Next: 69%
Magic:  17/20      EV: 14    Int: 11    God:    Lugonu [******]
Gold:   1679       SH:  5    Dex: 15    Spells: 13/13 levels left

rFire    . . .     SeeInvis .     - Unarmed
rCold    . . .     Faith    .   (no shield)
rNeg     . . .     Spirit   .   H - +0 steam dragon scales
rPois    .         Reflect  +   b - +2 hat {Int+3}
rElec    .         Harm     .   C - +0 cloak
rCorr    .         Rampage  .   (gloves unavailable)
MR       ++...     NoTele   +   (boots unavailable)
Stlth    +.........             s - amulet of reflection
HPRegen  0.73/turn              p - ring of protection from magic
MPRegen  0.17/turn              h - +6 ring of dexterity

@: slowed, heavily drained, very slow
A: large, unfitting armour, claws 3, regeneration 1, shaggy fur 1, tough skin 3
a: Depart the Abyss, Bend Space, Banish, Corrupt, Enter the Abyss, Brand Weapon
With Distortion, Renounce Religion


You were in a Gauntlet.
You worshipped Lugonu.
Lugonu was exalted by your worship.
You visited 4 branches of the dungeon, and saw 22 of its levels.
You visited the Abyss 1 time.
You also visited: Ossuary and Gauntlet.

You collected 1791 gold pieces.
You spent 112 gold pieces at shops.

Inventory:

Missiles
 c - 8 javelins
 A - 2 throwing nets
 X - 5 large rocks (quivered)
Armour
 b - a +2 hat of intelligence (worn)
 e - a +0 tower shield
 o - a scarf of shadows
 w - a +2 robe of resistance
 C - a +0 cloak (worn)
 H - +0 steam dragon scales (worn)
 J - a +0 troll leather armour
 O - a +1 robe of magic resistance
 R - a +0 hat of magic resistance
Jewellery
 h - a +6 ring of dexterity (right claw)
 k - a +6 ring of intelligence
 p - a ring of protection from magic (left claw)
 r - an uncursed ring of positive energy
 s - an amulet of reflection (around neck)
 t - an uncursed ring of fire
 P - an uncursed ring of protection from magic
 T - an uncursed ring of ice
 U - an uncursed ring of poison resistance {unknown}
 V - an uncursed ring of fire
 W - an uncursed ring of flight {unknown}
Wands
 u - a wand of disintegration (26)
 x - a wand of acid (6)
 y - a wand of flame (33)
 B - a wand of polymorph (32)
 K - a wand of enslavement (2)
 N - a wand of paralysis (5)
 Q - a wand of random effects (46)
Scrolls
 a - 13 scrolls of teleportation
 f - 4 scrolls of fear
 g - 9 scrolls of identify
 i - 2 scrolls of fog
 l - 5 scrolls of enchant weapon
 z - 13 scrolls of remove curse
 D - 6 scrolls of blinking
 E - 4 scrolls of magic mapping
 F - a scroll of summoning
 L - 3 scrolls of enchant armour
Potions
 d - 4 potions of might
 j - 7 potions of curing
 m - a potion of cancellation
 n - 8 potions of haste
 v - 2 potions of resistance
 M - 3 potions of flight
 S - 5 potions of berserk rage
 Z - 2 potions of invisibility
Miscellaneous
 G - a condenser vane


   Skills:
 + Level 9.9(7.3) Fighting
 + Level 7.4(5.0) Armour
 - Level 10.1(7.5) Dodging
 * Level 15.3(12.4) Unarmed Combat
 + Level 9.8(7.3) Invocations


You had 13 spell levels left.
You didn't know any spells.
Your spell library contained the following spells:

 Spells                   Type           Power        Failure   Level
 Shock                    Conj/Air       #...         34%         1
 Sting                    Tmut/Pois      #...         34%         1
 Poisonous Vapours        Pois/Air       #.....       47%         2
 Swiftness                Air            #.......     47%         2
 Ignite Poison            Fire/Tmut/Pois #.......     71%         3
 Mephitic Cloud           Conj/Pois/Air  #.......     71%         3
 Static Discharge         Conj/Air       #.......     71%         3
 Airstrike                Air            #.........   98%         4
 Olgreb's Toxic Radiance  Pois           #.......     98%         4
 Lightning Bolt           Conj/Air       #.........   100%        5


Dungeon Overview and Level Annotations

Branches:
Dungeon (13/15)            Temple (0/1) D:7            Lair (6/6) D:10
  Swamp (1/4) Lair:4        Snake (0/4) Lair:3        Slime (0/5) Lair:5
    Orc (2/2) D:12            Elf (0/3) Orc:2       Ossuary (visited)
Gauntlet (1/1)
 Vaults: D:13-14

Altars:
Hepliaklqana
Qazlal
Trog
Jiyva

Shops:
D:9 }   D:11 (}*(?

Annotations:
D:13 Rupert
Lair:2 exclusion: oklob plant Gauntlet 8 transporters, 3 runed translucent doors


Innate Abilities, Weirdness & Mutations

You are too large for most types of armour.
You have claws for hands.
Your natural rate of healing is unusually fast.
You are covered in fur. (AC +1)
You have extremely tough skin. (AC +3)


Message History

The spectral seven-headed hydra closely misses you.
Space bends sharply around you!
The spectral seven-headed hydra blinks!
You blink.
Space bends around you!
You blink.
The spectral seven-headed hydra closely misses you.
The spectral seven-headed hydra bites you.
* * * LOW HITPOINT WARNING * * *
You block the spectral seven-headed hydra's attack.
The spectral seven-headed hydra misses you.
The spectral seven-headed hydra completely misses you.
The spectral seven-headed hydra bites you but does no damage. x2
The spectral seven-headed hydra misses you. x2
The spectral seven-headed hydra bites you!
* * * LOW HITPOINT WARNING * * *
The spectral seven-headed hydra bites you.
* * * LOW HITPOINT WARNING * * *
The spectral seven-headed hydra bites you!
* * * LOW HITPOINT WARNING * * *
The spectral seven-headed hydra bites you.
You die...

####...#########...#########.##
...#.⌠.#J......#.⌠.#.......#.≈##
..##...#......J#...#....#.[#.≈≈#
.###########+#######...###)#.≈##
##©#©.©#©...+.©#©.©#..#©#.©#.## .
..?#.⌠.#.##.+###.⌠§#.###..?#..##.
#.[#...#.##.#.?#..§#w.#....#...#.
##B#.⌠.#....#$.#.⌠§#D......#.∩.#.
####...#########@Z.#########...#.
...#.⌠.........#.⌠.....#.....⌠.#.
####...#########...#########...#.
...#.⌠.#...^..B#.⌠.###Z...Z#.∩.#.
##.#...#.##.##?#...####.##}#...#.
..|#.⌠.##..#..##.⌠.#ZZ..##B#..##.
..©#©.©#.##©##©#©.©#Z#.©.#©#.##
...######..#..######B##..".#.≈##
##.#...#.##.##.#...#.##.####.≈≈#


You could see a six-headed hydra, a torpor snail, a death ooze, 2 spectral
komodo dragons, a spectral seven-headed hydra, a spectral torpor snail and 2
death scarabs.

Vanquished Creatures
  Gastronok (D:11)
  Nessos (D:12)
  Snorg (Lair:3)
  A boulder beetle (Lair:6)
  7 hydras
  A queen ant (D:9)
  2 two-headed ogres (D:8)
  3 death yaks
  Urug (D:12)
  A bog body (Lair:4)
  2 unseen horrors (D:12)
  A cyclops (D:13)
  A manticore (D:12)
  6 ugly things
  A black mamba (Lair:2)
  13 elephants (Lair:5)
  Maurice (D:12)
  A torpor snail (Lair:2)
  6 cane toads
  A gargoyle (D:10)
  3 kobold demonologists
  3 rime drakes
  9 komodo dragons
  5 trolls
  2 tengu conjurers (D:9)
  5 polar bears
  4 hornets
  11 blink frogs
  8 dream sheep
  3 flying skulls (Gauntlet)
  12 spriggans (Lair:6)
  Sigmund (D:6)
  32 yaks
  A basilisk (Lair:4)
  3 wyverns (D:10)
  A steam dragon (D:13)
  3 nagas (Lair:3)
  28 water moccasins
  20 soldier ants (D:9)
  7 orc warriors
  2 necrophages
  6 black bears
  4 ice beasts
  6 sky beasts
  43 wolves
  A phantom (D:5)
  3 boggarts (Lair:6)
  11 centaurs
  8 ogres
  15 bullfrogs
  3 big kobolds
  Blork the orc (D:5)
  An elf skeleton (D:8)
  2 water moccasin zombies
  16 scorpions
  10 wights
  16 killer bees
  5 electric eels (D:10)
  4 howler monkeys
  2 human zombies (Ossuary)
  A quasit (D:10)
  3 centaur zombies
  3 bullfrog skeletons
  3 bullfrog zombies
  5 jellies
  9 hounds
  8 orc priests
  5 orc wizards
  Jessica (D:2)
  2 centaur skeletons
  2 human skeletons (D:8)
  Terence (D:2)
  28 worker ants
  5 iguanas
  2 hell rats (Lair:2)
  A big kobold zombie (Ossuary)
  A hound zombie (D:5)
  A hound skeleton (D:4)
  3 mummies (Ossuary)
  A worker ant zombie (D:5)
  A howler monkey skeleton (D:10)
  3 gnolls (D:5)
  16 adders
  10 river rats (Lair:2)
  4 scorpion zombies (Ossuary)
  3 white imps
  2 ufetubi
  An adder skeleton (D:6)
  An adder zombie (D:7)
  2 dart slugs (D:1)
  4 leopard geckos
  51 orcs
  2 ball pythons
  7 giant cockroaches
  5 goblins
  7 hobgoblins
  6 jackals
  14 kobolds
  4 quokkas
  6 bats
  5 frilled lizards
  A goblin zombie (Ossuary)
  3 hobgoblin zombies (Ossuary)
  2 kobold zombies (Ossuary)
  A leopard gecko zombie (D:5)
  3 orc skeletons (D:8)
  2 orc zombies (Ossuary)
  2 quokka skeletons
  9 rats
634 creatures vanquished.

Vanquished Creatures (others)
  21 fungi
  68 plants
89 creatures vanquished.

Grand Total: 723 creatures vanquished

Notes
Turn   | Place    | Note
-------+----------+-------------------------------------------
     0 | Abyss:1  | PentaManta the Troll Abyssal Knight began the quest for the
                  | Orb.
     0 | Abyss:1  | Reached XP level 1. HP: 22/22 MP: 1/1
     9 | Abyss:1  | Noticed a demonic crawler
     9 | Abyss:1  | Noticed a quasit
     9 | Abyss:1  | Noticed a raiju
    24 | D:1      | Escaped the Abyss
   104 | D:1      | Reached * piety under Lugonu
   158 | D:1      | Reached XP level 2. HP: 29/29 MP: 2/2
   248 | D:1      | Reached skill level 3 in Unarmed Combat
   680 | D:2      | Noticed Jessica
   686 | D:2      | Killed Jessica
   687 | D:2      | Reached skill level 4 in Unarmed Combat
   687 | D:2      | Reached XP level 3. HP: 36/36 MP: 3/3
   698 | D:2      | Reached XP level 4. HP: 31/44 MP: 4/4
   830 | D:2      | Noticed Terence
   840 | D:2      | Killed Terence
   871 | D:2      | Reached skill level 5 in Unarmed Combat
  1397 | D:3      | Reached ** piety under Lugonu
  1590 | D:3      | Reached XP level 5. HP: 50/50 MP: 5/5
  1937 | D:3      | Reached skill level 6 in Unarmed Combat
  1967 | D:3      | Found a faded altar of an unknown god.
  2146 | D:4      | Found a bloodstained altar of Trog.
  2157 | D:4      | Reached XP level 6. HP: 55/59 MP: 6/6
  2729 | D:4      | Reached skill level 7 in Unarmed Combat
  2996 | D:5      | Entered Level 5 of the Dungeon
  3013 | D:5      | Reached *** piety under Lugonu
  3056 | D:5      | Noticed Blork the orc
  3066 | D:5      | Killed Blork the orc
  3134 | D:5      | Reached XP level 7. HP: 61/66 MP: 7/7
  3276 | D:5      | Reached skill level 8 in Unarmed Combat
  3741 | D:6      | Reached skill level 9 in Unarmed Combat
  3754 | D:6      | Reached XP level 8. HP: 54/74 MP: 8/8
  3896 | D:6      | Reached skill level 10 in Unarmed Combat
  4175 | D:6      | Noticed Sigmund
  4179 | D:6      | Killed Sigmund
  4296 | D:6      | Reached skill level 11 in Unarmed Combat
  4552 | D:7      | Found a staircase to the Ecumenical Temple.
  4765 | D:7      | Reached **** piety under Lugonu
  4886 | D:7      | Reached XP level 9. HP: 81/81 MP: 9/9
  5365 | D:8      | Found a sand-covered staircase.
  5373 | Ossuary  | Entered an ossuary
  5604 | Ossuary  | Reached skill level 5 in Dodging
  5953 | D:8      | Reached ***** piety under Lugonu
  6093 | D:8      | Reached XP level 10. HP: 94/94 MP: 12/12
  6198 | D:8      | Noticed a two-headed ogre
  6205 | D:8      | Killed a two-headed ogre
  6221 | D:8      | Noticed a two-headed ogre
  6228 | D:8      | Killed a two-headed ogre
  6229 | D:8      | Reached skill level 5 in Fighting
  6229 | D:8      | Reached skill level 5 in Invocations
  6615 | D:9      | Found Kysazem's Gadget Emporium.
  6787 | D:9      | Found a hazy altar of Hepliaklqana.
  6975 | D:9      | Noticed a queen ant
  6990 | D:9      | Killed a queen ant
  6991 | D:9      | Reached XP level 11. HP: 50/105 MP: 14/14
  7409 | D:10     | Entered Level 10 of the Dungeon
  7475 | D:10     | Reached skill level 1 in Armour
  7482 | D:10     | Noticed a sun demon
  7643 | D:10     | Reached ****** piety under Lugonu
  7988 | D:10     | Found a staircase to the Lair.
  9035 | D:11     | Noticed a red ugly thing
  9045 | D:11     | Killed a red ugly thing
  9231 | D:11     | Found Qaorea Zoth's Weapon Shop.
  9231 | D:11     | Noticed a green ugly thing
  9240 | D:11     | Killed a green ugly thing
  9331 | D:11     | Found Sidulligh's Gadget Shoppe.
  9464 | D:11     | Noticed Gastronok
  9474 | D:11     | Killed Gastronok
  9475 | D:11     | Reached skill level 5 in Armour
  9475 | D:11     | Reached XP level 12. HP: 88/120 MP: 16/16
  9809 | D:11     | Found Wugyovuc's Magic Scroll Boutique.
  9867 | D:11     | Found Uteagent's Weapon Boutique.
  9876 | D:11     | Found Ger Hynno's Assorted Antiques.
  9885 | D:11     | Bought a potion of curing for 84 gold pieces
  9885 | D:11     | Bought a scroll labelled LEGYKK RUTZE for 28 gold pieces
 10174 | D:12     | Noticed a four-headed hydra
 10312 | Lair:1   | Entered Level 1 of the Lair of Beasts
 10312 | Lair:1   | Noticed a seven-headed hydra
 10316 | Lair:1   | Paralysed by a hornet for 1 turns
 10324 | D:10     | Killed a seven-headed hydra
 10530 | D:11     | Killed a four-headed hydra
 10895 | D:12     | Found a staircase to the Orcish Mines.
 11016 | D:12     | Noticed Nessos
 11054 | D:12     | Killed Nessos
 11218 | D:12     | Reached skill level 12 in Unarmed Combat
 11438 | D:12     | Noticed Urug
 11450 | D:12     | Killed Urug
 11755 | D:12     | Found a stormy altar of Qazlal.
 11902 | D:12     | Noticed Maurice
 11913 | D:12     | Killed Maurice
 12091 | D:13     | Noticed Rupert
 12422 | D:13     | Reached XP level 13. HP: 96/128 MP: 18/18
 13070 | Lair:1   | Identified a scroll of acquirement
 13070 | Lair:1   | Acquired a +2 hat of intelligence
 13200 | Lair:1   | Reached skill level 10 in Dodging
 13200 | Lair:1   | Reached skill level 13 in Unarmed Combat
 14825 | Lair:3   | Noticed Snorg
 15029 | Lair:3   | Killed Snorg
 15155 | Lair:3   | Found a staircase to the Snake Pit.
 15470 | Lair:4   | Found a staircase to the Swamp.
 15663 | Lair:4   | Reached skill level 14 in Unarmed Combat
 16400 | Swamp:1  | Entered Level 1 of the Swamp
 16508 | Lair:6   | Entered Level 6 of the Lair of Beasts
 16826 | Lair:5   | Found a viscous altar of Jiyva.
 16827 | Lair:5   | Found a staircase to the Slime Pits.
 16880 | Lair:5   | Reached XP level 14. HP: 39/140 MP: 19/19
 18370 | Lair:6   | Reached skill level 15 in Unarmed Combat
 18675 | Lair:6   | Identified the +6 rapier of Departure {vamp, *Drain rN+
                  | Stlth+}
 18753 | Lair:6   | Found the +8 Wrath of Trog {antimagic, *Rage}
 19458 | Orc:1    | Entered Level 1 of the Orcish Mines
 19652 | Orc:2    | Entered Level 2 of the Orcish Mines
 19660 | Orc:2    | Found a staircase to the Elven Halls.
 19663 | Orc:2    | Found a gate leading to a gauntlet.
 19672 | Gauntlet | Entered a Gauntlet
 19672 | Gauntlet | Found a transporter.
 19672 | Gauntlet | Found a transporter.
 19723 | Gauntlet | Found a transporter.
 19727 | Gauntlet | Found a transporter.
 19735 | Gauntlet | Found a transporter.
 19739 | Gauntlet | Found a transporter.
 19747 | Gauntlet | Found a transporter.
 19763 | Gauntlet | Found a transporter.
 19777 | Gauntlet | Found a transporter.
 19781 | Gauntlet | Found a transporter.
 19783 | Gauntlet | Found a runed translucent gate.
 19783 | Gauntlet | Found a runed translucent gate.
 19783 | Gauntlet | Found a runed translucent gate.
 19789 | Gauntlet | Found a transporter.
 19793 | Gauntlet | Found a transporter.
 19919 | Gauntlet | HP: 7/141 [spectral seven-headed hydra (9)]
 19928 | Gauntlet | HP: 1/141 [spectral seven-headed hydra (7)]
 19928 | Gauntlet | Slain by a spectral seven-headed hydra

Illustrated notes

Levels and vault maps discovered:
D:1:      wheals_arrival_linesprint, layout_rooms, hangedman_decor_push,
          serial_park_tiny_1
D:2:      layout_loops_ring, uniq_terence, uniq_jessica
D:3:      layout_basic, serial_curves, eino_curves_03, eino_curves_01,
          chequers_ecumenical_altar_simple_redux, hex_medium
D:4:      layout_basic, serial_bayou, serial_bayou_shore_a,
          serial_bayou_lagoon_a, serial_bayou_shore_b, serial_bayou_crossing,
          wad_floor_pattern_untrapped, kennysheep_cross_bottleneck, bloody_trog
D:5:      layout_loops_cross, hangedman_decor_peaks_small, uniq_blork_the_orc
D:6:      layout_loops_ring, uniq_sigmund
D:7:      layout_gridville, temple_doors_e, corexii_hall_statues_deadend
D:8:      layout_gridville, nicolae_ossuary_entry_catacombs
D:9:      layout_basic, lemuel_round_altar, serial_shops, shop, minivault_29
D:10:     layout_basic, minmay_lair_entry_grove, special_room [special_room_orc]
D:11:     layout_long_grid, serial_shops, nicolae_shop_trees,
          nicolae_shop_statue_plus, nicolae_shop_statue_plus, shop,
          kennysheep_mini_moat, uniq_gastronok
D:12:     layout_stronghold, orc_david_3, minmay_misc_feat_plants,
          nicolae_qazlal_general_emergency, uniq_nessos, uniq_maurice, uniq_urug
D:13:     layout_loops_corners, enter_trove_2, uniq_rupert
Lair:1:   layout_long_grid
Lair:2:   layout_gridlike, chequers_serial_rivers_micro_d,
          nicolae_quartered_pool_little, small_statue_intersection,
          kennysheep_abandoned_house, minmay_lair_oklob_chamber,
          grunt_megastairs_2, infiniplex_staircase_pool
Lair:3:   layout_misc_corridors, guppyfry_snake_entry_garden,
          infiniplex_staircase_pool_2, uniq_snorg
Lair:4:   layout_regular_city, skrybe_swamp_entry_bodies,
          kennysheep_catoblepas_arena
Lair:5:   layout_regular_city, slime_altar_1, lemuel_fruit_fields
Lair:6:   minmay_lair_end_enchanted_forest, layout_misc_corridors
Swamp:1:  layout_basic_swamp, nicolae_swamp_fairy_circle, uniq_jorgrun,
          uniq_kirke
Orc:1:    layout_caves
Orc:2:    st_orc_congregation, layout_caves, gauntlet_entry_generic,
          uniq_erolcha
Gauntlet: minmay_gauntlet_77_indecision [minmay_gauntlet_arena_77_mirror,
          minmay_gauntlet_arena_77_fan, minmay_gauntlet_arena_77_braids,
          minmay_gauntlet_arena_77_run_for_it,
          minmay_gauntlet_arena_77_p_blocks,
          minmay_gauntlet_arena_77_double_cross, gauntlet_exit_green]

Skill      XL: |  1  2  3  4  5  6  7  8  9 10 11 12 13 14 |
---------------+-------------------------------------------+-----
Unarmed Combat | 4 5 6 7 9 11 12 14 15 | 15.3
Dodging        | 3 5 8 9 10 | 10.1
Invocations    | 2 4 6 7 8 9 |  9.8
Fighting       | 3 4 6 8 9 |  9.9
Armour         | 5 6 7 |  7.4

Action                   |  1- 3 |  4- 6 |  7- 9 | 10-12 | 13-15 || total
-------------------------+-------+-------+-------+-------+-------++-------
Melee: Unarmed           |    55 |   188 |   293 |   761 |   759 ||  2056
       Punch             |       |     2 |    22 |    44 |    71 ||   139
Throw: Javelin           |       |       |       |     6 |     2 ||     8
       Throwing net      |       |       |       |     1 |       ||     1
       Large rock        |       |       |       |       |     2 ||     2
Invok: Depart the Abyss  |     1 |       |       |       |       ||     1
       Bend Space        |       |       |       |    14 |     8 ||    22
       Banish            |       |       |       |     1 |     1 ||     2
Evoke: Wand              |       |       |       |    15 |    27 ||    42
       Condenser vane    |       |       |       |     1 |       ||     1
  Use: Scroll            |       |       |    15 |    12 |     4 ||    31
       Potion            |       |       |       |     4 |     6 ||    10
 Stab: Sleeping          |       |     1 |     3 |       |     3 ||     7
       Distracted        |       |       |       |       |     2 ||     2
Armor: Robe              |    20 |    67 |    61 |    20 |       ||   168
       Troll leather arm |       |       |       |   190 |       ||   190
       Steam dragon scal |       |       |       |     3 |   279 ||   282
Dodge: Dodged            |    33 |    94 |   104 |   533 |   619 ||  1383
Block: Other             |       |    12 |    48 |   174 |   208 ||   442
       Reflection        |       |       |     2 |     3 |     1 ||     6

Table legend: (Time is in decaauts)
 A = Elapsed time spent in this place.
 B = Non-inter-level travel time spent in this place.
 C = Inter-level travel time spent in this place.
 D = Time resting spent in this place.
 E = Time spent auto-exploring this place.
 F = Levels seen in this place.
 G = Mean time per level.
                   A        B        C        D        E       F      G
               +--------+--------+--------+--------+--------+-----+--------+
         Total |  19580 |  18300 |   1280 |   1435 |  12946 |  25 |  783.2 |
       Dungeon |  12290 |  11278 |   1012 |    727 |   8191 |  13 |  945.4 |
          Lair |   6406 |   6149 |    257 |    600 |   4339 |   6 | 1067.7 |
         Swamp |      1 |      1 |      0 |      0 |      0 |   1 |    1.0 |
  Orcish Mines |    205 |    194 |     11 |     44 |     91 |   2 |  102.5 |
         Abyss |     24 |     24 |      0 |      0 |      5 |   1 |   24.0 |
       Ossuary |    390 |    390 |      0 |      0 |    213 |   1 |  390.0 |
      Gauntlet |    263 |    263 |      0 |     64 |    107 |   1 |  263.0 |
               +--------+--------+--------+--------+--------+-----+--------+

Top non-repeatable levels by time:
    D:10: 1721 daAuts
    D:11: 1508 daAuts
    D:12: 1480 daAuts
  Lair:6: 1403 daAuts
  Lair:5: 1304 daAuts
  Lair:2: 1249 daAuts
     D:9: 1034 daAuts
  Lair:4: 981 daAuts
     D:4: 878 daAuts
  Lair:1: 859 daAuts
     D:3: 834 daAuts
     D:7: 790 daAuts
     D:8: 784 daAuts
     D:5: 719 daAuts
     D:6: 708 daAuts
